 Dungeon Crawl Stone Soup version 0.31.0-11-ge490571c62 (webtiles) character file.

Game seed: 14925361044255363040

110 Ijustatesigmund the Digger (level 4, 0/26 HPs)
             Began as a Gargoyle Earth Elementalist on Jan 26, 2024.
             Slain by an orc priest
             ... wielding a +0 flail
              (5 damage)
             ... on level 3 of the Dungeon.
             The game lasted 00:02:44 (1437 turns).

Ijustatesigmund the Digger (GrEE)                   Turns: 1437, Time: 00:02:45

Health: 0/26       AC:  5    Str: 12    XL:     4   Next: 91%
Magic:  2/8        EV: 11    Int: 17    God:
Gold:   81         SH:  0    Dex: 10    Spells: 4/8 levels left

rFire   . . .        e - staff of earth
rCold   . . .        (no shield)
rNeg    + . .        a - +0 robe
rPois   ∞            (no helmet)
rElec   +            (no cloak)
rCorr   .            (no gloves)
SInv    .            (no boots)
Will    +....        (no amulet)
Stlth   ++           (no ring)
HPRegen 0.24/turn    (no ring)
MPRegen 0.11/turn

%: no passive effects
@: enlightened, flying
A: sickness immunity, AC +3, negative energy resistance 1, electricity
resistance, torment resistance 1, petrification resistance
a: no special abilities


You were on level 3 of the Dungeon.
You visited 1 branch of the dungeon, and saw 3 of its levels.

You collected 81 gold pieces.

Inventory:

Hand Weapons
 c - a +3 dagger of flaming
Armour
 a - a +0 robe (worn)
Magical Staves
 e - a staff of earth (weapon)
Scrolls
 f - a scroll of enchant armour {unknown}
 h - a scroll of amnesia {unknown}
 i - a scroll of identify {unknown}
 j - a scroll of immolation {unknown}
Potions
 b - a potion of magic
 d - a potion of heal wounds {unknown}
 g - a potion of enlightenment
 k - a potion of attraction {unknown}


   Skills:
 + Level 2.1 Fighting
 - Level 1.5 Dodging
 - Level 2.1 Stealth
 + Level 2.8 Spellcasting
 + Level 2.6 Conjurations
 + Level 4.5 Earth Magic


You had 4 spell levels left.
You knew the following spells:

 Your Spells              Type           Power      Damage    Failure   Level
a - Sandblast             Erth           52%        2d12      2%          1
b - Stone Arrow           Conj/Erth      42%        3d9       12%         3

Your spell library contained the following spells:

 Spells                   Type           Power      Damage    Failure   Level
 Passwall                 Erth           26%        N/A       9%          3
 Kiss of Death            Conj/Necr      24%        2d7       11%         1
 Brom's Barrelling Bould  Conj/Erth      21%        2d4       38%         4
 Confusing Touch          Hex            2%         N/A       47%         3
 Petrify                  Alch/Erth      15%        N/A       56%         4
 Dispel Undead            Necr           2%         3d7       87%         4


Dungeon Overview and Level Annotations

Branches:
Dungeon (3/15)

Altars:


Innate Abilities, Weirdness & Mutations

You are immune to sickness and miasma.
Your stone body is resilient. (AC +3)
You are immune to poison.
You resist negative energy. (rN+)
You are resistant to electric shocks. (rElec)
You are resistant to unholy torment.
You are immune to petrification.


Message History

Confirm with . or Enter, or press ? or * to list all spells.
Aiming: Sandblast (safe; 3% risk of failure)
Press: ? - help, Shift-Dir - straight line, f - scorpion
Aim: a scorpion (83% to hit)
You feel a surge of power!
The blast of sand hits the scorpion.
The scorpion is moderately wounded.
The scorpion closely misses you.
Casting: Sandblast (safe; 3% risk of failure)
Confirm with . or Enter, or press ? or * to list all spells.
Aiming: Sandblast (safe; 3% risk of failure)
Press: ? - help, Shift-Dir - straight line, f/p - scorpion
Aim: a scorpion (moderately wounded, 83% to hit)
You feel a surge of power!
The blast of sand misses the scorpion.
The scorpion stings you.
The scorpion stings you but does no damage.
Casting: Sandblast (safe; 3% risk of failure)
Confirm with . or Enter, or press ? or * to list all spells.
Aiming: Sandblast (safe; 3% risk of failure)
Press: ? - help, Shift-Dir - straight line, f/p - scorpion
Aim: a scorpion (moderately wounded, 83% to hit)
You feel a surge of power!
The blast of sand hits the scorpion!
The scorpion is severely wounded.
The scorpion stings you. The scorpion barely misses you.
Casting: Sandblast (safe; 3% risk of failure)
Confirm with . or Enter, or press ? or * to list all spells.
Aiming: Sandblast (safe; 3% risk of failure)
Press: ? - help, Shift-Dir - straight line, f/p - scorpion
Aim: a scorpion (severely wounded, 83% to hit)
You feel a surge of power!
The blast of sand hits the scorpion.
You kill the scorpion!
The orc priest hits you with a +0 flail!
* * * LOW HITPOINT WARNING * * *
Your Fighting skill increases to level 2!
You have reached level 4!
You feel stronger.
It was a potion of enlightenment.
You feel very buoyant.
You fly up into the air.
The orc priest hits you with a +0 flail.
You die...

###.... .......####
#
..........########.#
........#..#........
#....s.?.......
##.##..........
#o####.$oo.... #o#
#........ #@#
#.....[.. #.#
########. #.## #..#
##.# #.# #.## #..#
##.#


You could see an orc priest and an orc.

Vanquished Creatures
  A scorpion (D:3)
  2 adders (D:2)
  2 dart slugs
  A ribbon worm (D:2)
  A bat (D:2)
  4 endoplasms
  A giant cockroach (D:1)
  2 goblins
  6 hobgoblins
  A quokka (D:1)
  2 ball pythons
  A frilled lizard (D:1)
  2 kobolds (D:2)
  A rat (D:2)
27 creatures vanquished.

Notes
Turn   | Place    | Note
-------+----------+-------------------------------------------
     0 | D:1      | Ijustatesigmund the Gargoyle Earth Elementalist began the
                  | quest for the Orb.
     0 | D:1      | Reached XP level 1. HP: 10/10 MP: 3/3
   293 | D:1      | Reached XP level 2. HP: 16/16 MP: 5/5
   675 | D:2      | Reached skill level 1 in Fighting
   675 | D:2      | Reached skill level 4 in Earth Magic
   836 | D:2      | Reached XP level 3. HP: 20/20 MP: 4/6
   840 | D:2      | Learned a level 3 spell: Stone Arrow
  1407 | D:3      | Noticed a +0 falchion
  1408 | D:3      | Noticed a +0 falchion
  1408 | D:3      | Noticed a +0 dagger
  1409 | D:3      | Noticed a +0 dagger
  1409 | D:3      | Noticed a +0 short sword
  1411 | D:3      | Noticed a +0 short sword
  1415 | D:3      | Noticed a +0 spear
  1422 | D:3      | Noticed a scorpion
  1436 | D:3      | Killed a scorpion
  1437 | D:3      | Reached XP level 4. HP: 4/26 MP: 2/8
  1437 | D:3      | Slain by an orc priest

Illustrated notes

Levels and vault maps discovered:
D:1:      giann_horns, layout_basic
D:2:      layout_rooms, uniq_crazy_yiuf_cottage
D:3:      layout_rooms, nicolae_uskayaw_en_pointe, serial_shops,
          nicolae_shop_rolling_square, uniq_ijyb

Skill      XL: |  1  2  3 |
---------------+----------+-----
Fighting       | 1 2 |  2.1
Earth Magic    | 4 |  4.5
Conjurations   | 2 |  2.6
Dodging        | |  1.5
Stealth        | |  2.1
Spellcasting   | |  2.8

Action                     |  1- 3 |  4- 6 || total
---------------------------+-------+-------++-------
  Melee: Unarmed           |     9 |       ||     9
         Dagger            |     5 |       ||     5
         Staff             |     6 |       ||     6
   Cast: Sandblast         |    37 |       ||    37
    Use: Potion            |       |     1 ||     1
 Armour: Robe              |    22 |     1 ||    23
  Dodge: Dodged            |    22 |       ||    22
